 Dungeon Crawl Stone Soup version 0.27-a0-1196-g3e9cee4cb2 (webtiles) character file.

Game seed: 13608129343433428164

14214 brokenspeciesscreen the Fighter (level 12, -7/135 HPs)
             Began as an Octopode Chaos Knight on May 28, 2021.
             Was a Plaything of Xom.
             Mangled by a nine-headed hydra (12 damage)
             ... on level 11 of the Dungeon.
             The game lasted 00:26:50 (15945 turns).

brokenspeciesscreen the Fighter (OpCK)             Turns: 15945, Time: 00:26:51

Health: -7/135     AC: 26    Str: 10    XL:     12   Next: 14%
Magic:  18/18      EV:  2    Int: 14    God:    Xom [...*..]
Gold:   956        SH:  0    Dex: 12    Spells: 10/19 levels left

rFire    + . .     SeeInvis .   q - +4 falchion (distort)
rCold    . . .     Faith    .   (no shield)
rNeg     + + +     Spirit   .   (helmet currently unavailable)
rPois    +         Reflect  .   (no amulet)
rElec    .         Harm     .   A - ring of protection from fire
rCorr    .         Rampage  .   w - ring of willpower
Will     +....     Clarity  +   (no ring) Stlth +.........NoTele +
                                (no ring)
HPRegen  0.32/turn              (no ring)
MPRegen  0.16/turn              (no ring)
                                (no ring)
                                (no ring)

@: lethally poisoned (-7 -> -15), tree-form, unable to read
A: stationary, stasis, torment immunity, boosted hp, almost no armour,
(amphibious), 8 rings, (camouflage 1), (gelatinous body 1), (nimble swimmer 1),
(tentacles), (iridescent scales 1), clarity, clumsy 1, dopey 1, (fire resistance
1), sense surroundings 1, screaming 1, weak 1, inability to read while
threatened
a: Renounce Religion


You were on level 11 of the Dungeon.
You worshipped Xom.
You were a favourite toy of Xom.
You were a tree.
You visited 1 branch of the dungeon, and saw 11 of its levels.
You also visited: Bailey.

You collected 1036 gold pieces.
You spent 80 gold pieces at shops.

Inventory:

Hand Weapons
 a - a +0 spear of chaos
 b - a +1 whip of venom
 l - a +0 scimitar
 q - a +4 falchion of distortion (weapon)
Missiles
 c - 5 throwing nets (quivered) {!f}
 k - 65 poisoned darts
 x - 8 atropa-tipped darts
Armour
 d - a +2 hat (melded)
 J - a +0 kite shield
Jewellery
 n - a ring of flight
 w - a ring of willpower (right branch)
 A - a ring of protection from fire (left branch)
Wands
 j - a wand of mindburst (2)
 u - a wand of iceblast (1) {@v2}
 D - a wand of flame (21)
Scrolls
 f - 3 scrolls of fog
 h - 3 scrolls of noise
 p - 2 scrolls of blinking {@r4}
 r - 3 scrolls of amnesia
 y - a scroll of summoning
 E - 2 scrolls of vulnerability
 F - a scroll of enchant armour
 I - a scroll of fear
Potions
 e - a potion of mutation
 g - a potion of magic
 i - a potion of might {unknown}
 o - 3 potions of degeneration
 t - 2 potions of flight {unknown}
 v - 2 potions of curing {@q1}
 z - a potion of attraction {unknown}
 B - a potion of resistance {unknown}
 C - a potion of invisibility {unknown}
 G - a potion of cancellation {unknown}
 H - a potion of lignification


   Skills:
 * Level 11.1 Fighting
 - Level 10.7 Long Blades
 - Level 3.0 Polearms
 - Level 9.0 Dodging
 + Level 2.3 Shields
 - Level 4.0 Spellcasting
 - Level 2.0 Hexes
 - Level 2.0 Necromancy
 - Level 6.0 Evocations


You had 10 spell levels left.
You knew the following spells:

 Your Spells              Type           Power      Damage    Failure   Level
a - Animate Skeleton      Necr           16%        N/A       9%          1
b - Vampiric Draining     Necr           4%         2d6       26%         3
c - Corona                Hex            8%         N/A       9%          1
d - Animate Dead          Necr           4%         N/A       63%         4

Your spell library contained the following spells:

 Spells                   Type           Power      Damage    Failure   Level
 Pain                     Necr           32%        1d5       9%          1
 Foxfire                  Conj/Fire      8%         2x1d4     19%         1
 Ensorcelled Hibernation  Hex/Ice        10%        N/A       19%         2
 Confusing Touch          Hex            8%         N/A       26%         3
 Tukima's Dance           Hex            8%         N/A       26%         3
 Searing Ray              Conj           4%         3d3       28%         2
 Dazzling Flash           Conj/Hex       10%        N/A       36%         3
 Gell's Gravitas          Tloc           1%         N/A       50%         3
 Mephitic Cloud           Conj/Pois/Air  2%         N/A       50%         3
 Petrify                  Tmut/Erth      2%         N/A       88%         4
 Agony                    Necr           8%         N/A       93%         5
 Metabolic Englaciation   Hex/Ice        2%         N/A       98%         5
 Yara's Violent Unravell  Hex/Tmut       2%         3d3       98%         5
 Iskenderun's Battlesphe  Conj           2%         2d6       99%         5
 Freezing Cloud           Conj/Ice/Air   1%         6-21      100%        6


Dungeon Overview and Level Annotations

Branches:
Dungeon (11/15)            Temple (0/1) D:6            Lair (0/6) D:9
 Bailey (visited)
    Orc: D:9-12

Altars:
Fedhas
Kikubaaqudgha
Nemelex Xobeh
Ru

Shops:
D:11 *

Annotations:
Abyss:1 Grinder


Innate Abilities, Weirdness & Mutations

You are a tree.
Your roots penetrate the ground, keeping you stationary.
You cannot be teleported.
You are immune to unholy pain and torment.
Your maximum health is greatly increased.
Your equipment is partially melded.
You cannot wear most types of armour.
((You are amphibious.))
You can wear up to eight rings at the same time.
((Your skin changes colour to match your surroundings (Stealth+).))
((Your rubbery body absorbs attacks. (AC +1, EV +1)))
((You are camouflaged near water. (Stealth+)))
((You have tentacles for arms and can constrict up to eight enemies at once.))
((You are partially covered in iridescent scales. (AC +2)))
You possess an exceptional clarity of mind.
You are clumsy. (Dex -2)
You are dopey. (Int -2)
((Your flesh is heat resistant. (rF+)))
You passively map a small area around you.
You occasionally shout uncontrollably at your foes.
You are weak. (Str -2)
You sometimes lose the ability to read scrolls when taking damage.


Message History

The seven-headed hydra bites you but does no damage. x2
The seven-headed hydra bites you.
* * * LOW HITPOINT WARNING * * *
The seven-headed hydra bites you but does no damage. x3
The seven-headed hydra bites you.
* * * LOW HITPOINT WARNING * * *
The polar bear struggles against the net.
The net rips apart, and the polar bear comes free!
You hit the seven-headed hydra.
The seven-headed hydra blinks!
The centaur warrior shoots an arrow.
The arrow hits you but does no damage.
Okay, then.
It was a potion of curing.
You feel better.
Xom is highly amused!
The centaur warrior shoots an arrow.
The arrow hits you!
* * * LOW HITPOINT WARNING * * *
The polar bear bites you but does no damage.
The polar bear claws you but does no damage.
The polar bear claws you.
* * * LOW HITPOINT WARNING * * *
You hack one of the seven-headed hydra's heads off!
The six-headed hydra grows two more!
You hit the eight-headed hydra.
Space warps horribly around the eight-headed hydra!
The polar bear completely misses you.
You riposte.
You hit the polar bear.
Space bends around the polar bear.
The polar bear claws you but does no damage. x2
The centaur warrior unwields a +0 shortbow.
The centaur warrior wields the +3 spear of Lust {venom, Str+2 Int+3 Dex-3}.
It begins to drip with poison!
The centaur warrior hits you but does no damage.
You are lethally poisoned!
The centaur warrior kicks you but does no damage.
You slice one of the eight-headed hydra's heads off!
The seven-headed hydra grows two more!
You slash the nine-headed hydra!
* * * LOW HITPOINT WARNING * * *
You feel very sick. The centaur warrior barely misses you.
The centaur warrior kicks you but does no damage.
The nine-headed hydra bites you!
You die...
Xom howls with laughter!

##..........#####.#..# #......
#..............##.#..# #.#####
#.#.........##..D....# #.#
#.##........#####.#..######.#
##.....#.....☼○#..##.....#####
*,*#$........R○○..D..............
.##.....##.#######...###+#####+#
.........##.#######...# #.# #....
#..............D♣c.).)#,#.# #.8.8
##.........)...h...[)['.... +..8.
#.......##.##.#####..#.#.# #.8.8
##.......h..(..# #..# #.# #...§
,...............# #.○###'#####+#
,###.##.###.##..# #.○#.....#*,*
...*#. #.##..# #.○#.#D#.# * * ##
#.* >.##..# #..○##c##c# #.###..#
#..#☼#.#.#D#


You could see a nine-headed hydra, a centaur warrior and a polar bear shaped
shifter.

Vanquished Creatures
  2 two-headed ogres
  A cyclops (D:11)
  A centaur zombie (D:11)
  A gargoyle (D:10)
  Maggie (D:8)
  2 komodo dragons
  An unseen horror (D:10)
  3 trolls
  2 wyverns
  2 vampires (D:11)
  A basilisk (D:11)
  9 yaks
  A wraith (D:11)
  A steam dragon (D:6)
  A vampire mosquito (D:10)
  Menkaure (D:5)
  4 water moccasins (D:9)
  Duvessa (D:7)
  2 orc warriors
  A sky beast (D:7)
  A black bear (D:9)
  2 necrophages
  2 ogres (D:7)
  A centaur (D:11)
  A phantom (D:5)
  A kobold brigand (D:9)
  9 bullfrogs
  3 scorpions
  7 gnoll sergeants
  A wyvern skeleton (D:6)
  Dowan (D:7)
  20 killer bees
  4 howler monkeys
  4 wights (D:8)
  2 jellies (D:6)
  A bullfrog zombie (D:5)
  2 hounds (Bailey)
  5 orc priests
  A centaur skeleton (D:7)
  5 gnoll shamans (Bailey)
  Ijyb (D:5)
  5 orc wizards
  4 iguanas
  A killer bee zombie (D:6)
  3 howler monkey zombies
  A howler monkey skeleton (D:5)
  19 gnolls
  8 adders
  2 shadow imps
  4 white imps
  2 ufetubi (D:5)
  An adder skeleton (D:4)
  2 worms (D:2)
  6 dart slugs
  24 orcs
  5 ball pythons
  A bat (D:3)
  5 endoplasms
  A giant cockroach (D:1)
  4 goblins
  2 hobgoblins
  2 quokkas
  2 frilled lizards
  16 kobolds
  3 rats
235 creatures vanquished.

Vanquished Creatures (collateral kills)
  A yak (D:8)
  A vampire mosquito (D:10)
  2 acid dragons (D:11)
  A gnoll sergeant (Bailey)
  4 killer bees
  A gnoll shaman (Bailey)
  An orc priest (D:9)
  An iguana (D:4)
  2 gnolls (Bailey)
  2 orcs
16 creatures vanquished.

Vanquished Creatures (others)
  A centaur warrior (D:11)
  An efreet (D:11)
  An acid dragon (D:11)
  A black bear (D:6)
  An orc (D:6)
  53 fungi (D:9)
  47 plants (D:9)
105 creatures vanquished.

Grand Total: 356 creatures vanquished

Notes
Turn   | Place    | Note
-------+----------+-------------------------------------------
     0 | D:1      | brokenspeciesscreen the Octopode Chaos Knight began the
                  | quest for the Orb.
     0 | D:1      | Reached XP level 1. HP: 16/16 MP: 1/1
     7 | D:1      | XOM: potion effect (curing)
   132 | D:1      | XOM: divination: detect creatures
   309 | D:1      | Reached XP level 2. HP: 21/21 MP: 2/2
   543 | D:2      | Noticed a scorpion
   546 | D:2      | XOM: enchant monster (bad)
   549 | D:2      | Killed a scorpion
   550 | D:2      | Reached skill level 4 in Fighting
   550 | D:2      | Reached XP level 3. HP: 21/27 MP: 3/3
   550 | D:2      | Reached XP level 4. HP: 26/34 MP: 4/4
   627 | D:1      | XOM: torment (16/34 hp)
  1361 | D:2      | XOM is BORED!
  1361 | D:2      | XOM: chaos cloud
  1736 | D:3      | Reached XP level 5. HP: 26/38 MP: 5/5
  1959 | D:3      | Noticed Grinder
  1987 | D:3      | XOM: 1-stop teleportation journey
  2009 | D:3      | Reached skill level 1 in Long Blades
  2130 | D:3      | XOM: enchant monster (bad)
  2315 | D:3      | Found a faded altar of an unknown god.
  2771 | D:3      | XOM is BORED!
  2771 | D:3      | XOM: noise
  2839 | D:4      | XOM: summons friendly iron imp
  2844 | D:4      | Reached skill level 5 in Fighting
  3030 | D:4      | XOM: polymorph iron imp -> quasit
  3075 | D:4      | Reached skill level 1 in Evocations
  3075 | D:4      | Reached XP level 6. HP: 42/45 MP: 6/6
  3077 | D:4      | XOM: silly message
  3788 | D:4      | XOM is BORED!
  4094 | D:5      | Entered Level 5 of the Dungeon
  4104 | D:5      | Noticed Ijyb
  4109 | D:5      | XOM: summons friendly ufetubus
  4111 | D:5      | Reached XP level 7. HP: 44/50 MP: 7/7
  4116 | D:5      | Killed Ijyb
  4395 | D:5      | Found a sparkling altar of Nemelex Xobeh.
  4416 | D:5      | XOM: god gift: 13 gold pieces
  4466 | D:5      | XOM: give mutations
  4466 | D:5      | Gained mutation: You occasionally shout uncontrollably at
                  | your foes. [Xom's mischief]
  4466 | D:5      | Lost mutation: You occasionally shout uncontrollably at
                  | your foes. [Xom's mischief]
  4466 | D:5      | Gained mutation: You are clumsy. (Dex -2) [Xom's mischief]
  4466 | D:5      | Gained mutation: You are weak. (Str -2) [Xom's mischief]
  4483 | D:5      | Reached skill level 5 in Long Blades
  4489 | D:5      | Noticed Menkaure
  4493 | D:5      | Killed Menkaure
  4517 | D:5      | XOM: polymorph gnoll -> ball python
  4667 | D:5      | XOM: give mutations
  4667 | D:5      | Gained mutation: You possess an exceptional clarity of
                  | mind. [Xom's mischief]
  4667 | D:5      | Gained mutation: You are frail. (-10% HP) [Xom's mischief]
  4670 | D:5      | XOM: cloud trail
  4753 | D:5      | Reached XP level 8. HP: 33/49 MP: 8/8
  4814 | D:5      | XOM: cloud trail
  4896 | D:5      | XOM: cloud trail
  4926 | D:5      | Learned a level 1 spell: Animate Skeleton
  4930 | D:5      | Learned a level 3 spell: Vampiric Draining
  5088 | D:5      | XOM: 6-stop teleportation journey
  5375 | D:5      | XOM: god gift: wand of acid (8)
  5470 | D:5      | XOM: god gift: 8 atropa-tipped darts
  5507 | D:5      | Learned a level 1 spell: Corona
  6064 | D:6      | Reached skill level 1 in Hexes
  6128 | D:6      | Found a blossoming altar of Fedhas.
  6130 | D:6      | Found an ancient bone altar of Kikubaaqudgha.
  6203 | D:6      | Reached skill level 1 in Necromancy
  6206 | D:6      | Reached skill level 1 in Spellcasting
  6206 | D:6      | Reached skill level 5 in Evocations
  6221 | D:6      | XOM: divine lightning
  6346 | D:6      | Found a staircase to the Ecumenical Temple.
  6502 | D:6      | XOM: divine lightning
  6503 | D:6      | Reached XP level 9. HP: 48/54 MP: 11/11
  6715 | D:6      | XOM: smoke on damage
  6884 | D:6      | XOM is BORED!
  6884 | D:6      | XOM: silly message
  6953 | D:6      | XOM: silly message
  7019 | D:6      | XOM: silly message
  7377 | D:7      | XOM: smoke on damage
  7617 | D:7      | Noticed a two-headed ogre
  7621 | D:7      | Killed a two-headed ogre
  7622 | D:7      | Reached skill level 5 in Dodging
  7872 | D:7      | XOM: smoke on damage
  8159 | D:7      | Reached XP level 10. HP: 59/59 MP: 15/15
  8296 | D:7      | XOM: give mutations
  8296 | D:7      | Gained mutation: You are very weak. (Str -4) [Xom's
                  | mischief]
  8296 | D:7      | Gained mutation: You are partially covered in iridescent
                  | scales. (AC +2) [Xom's mischief]
  8412 | D:7      | Noticed Dowan
  8413 | D:7      | Noticed Duvessa
  8416 | D:7      | Killed Dowan
  8422 | D:7      | Killed Duvessa
  8552 | D:7      | XOM: cloud trail
  8868 | D:8      | XOM: give mutations
  8868 | D:8      | Lost mutation: You are frail. (-10% HP) [Xom's grace]
  8868 | D:8      | Gained mutation: You passively map a small area around you.
                  | [Xom's grace]
  8868 | D:8      | Gained mutation: Your flesh is heat resistant. (rF+) [Xom's
                  | grace]
  9180 | D:8      | XOM: enchant monster (good)
  9205 | D:8      | XOM: divination: detect items
  9518 | D:8      | Identified the Handbook of Battle Magic
  9736 | D:8      | XOM: silly message
 10066 | D:8      | Noticed Maggie
 10070 | D:8      | Killed Maggie
 10083 | D:8      | XOM: silly message
 10148 | D:8      | XOM: 1-stop teleportation journey
 10202 | D:8      | XOM: cast spell 'Summon Ice Beast'
 10709 | D:8      | Learned a level 4 spell: Animate Dead
 10747 | D:9      | XOM: 1-stop teleportation journey
 10775 | D:9      | Found a sacrificial altar of Ru.
 11020 | D:9      | XOM: polymorph water moccasin -> bullfrog
 11028 | D:9      | Reached skill level 6 in Fighting
 11116 | D:9      | Reached skill level 10 in Long Blades
 11122 | D:9      | Reached XP level 11. HP: 64/72 MP: 17/17
 11133 | D:9      | Found a staircase to the Lair.
 11152 | D:9      | XOM: repel stairs
 11393 | D:9      | XOM: cloud trail
 11515 | D:9      | XOM: blink monster(s)
 11518 | D:9      | Reached skill level 7 in Fighting
 11562 | D:9      | You fall into a shaft and drop 2 floors!
 11576 | D:11     | XOM: enchant monster (bad)
 11768 | D:11     | Found Quisk's Assorted Antiques.
 11773 | D:11     | XOM: 8-stop teleportation journey
 11839 | D:11     | Bought a wand of mindburst (10) for 80 gold pieces
 11930 | D:11     | Noticed a two-headed ogre
 11935 | D:11     | Banished a two-headed ogre
 12094 | D:11     | Reached skill level 8 in Fighting
 12133 | D:10     | Entered Level 10 of the Dungeon
 12175 | D:10     | XOM: enchant monster (good)
 12241 | D:10     | XOM: 6-stop teleportation journey
 12361 | D:10     | Found a flagged portal.
 12367 | Bailey   | Entered a bailey
 12393 | Bailey   | XOM: swap monsters
 12431 | Bailey   | XOM: silly message
 12489 | Bailey   | XOM: noise
 12551 | Bailey   | XOM: destruction
 12642 | Bailey   | Reached skill level 9 in Fighting
 12650 | Bailey   | XOM: chaos upgrade
 13054 | Bailey   | XOM: give mutations
 13054 | Bailey   | Lost mutation: You are clumsy. (Dex -2) [Xom's mischief]
 13054 | Bailey   | Gained mutation: You are clumsy. (Dex -2) [Xom's mischief]
 13259 | D:10     | XOM: give mutations
 13259 | D:10     | Gained mutation: You are dopey. (Int -2) [Xom's mischief]
 13259 | D:10     | Gained mutation: You sometimes lose the ability to read
                  | scrolls when taking damage. [Xom's mischief]
 13259 | D:10     | Gained mutation: You occasionally shout uncontrollably at
                  | your foes. [Xom's mischief]
 13259 | D:10     | Lost mutation: You are very weak. (Str -4) [Xom's mischief]
 13529 | D:10     | Reached skill level 10 in Fighting
 14003 | D:10     | XOM: cloud trail
 14216 | D:10     | XOM: god gift: scroll of blinking
 14582 | D:9      | Noticed a two-headed ogre
 14592 | D:9      | XOM: butterfly on damage
 14599 | D:9      | Killed a two-headed ogre
 15328 | D:3      | Banished Grinder
 15588 | D:11     | Reached skill level 1 in Shields
 15588 | D:11     | Reached XP level 12. HP: 61/89 MP: 18/18
 15817 | D:11     | XOM: scenery: 1 doors open, 1 doors close
 15826 | D:11     | Reached skill level 11 in Fighting
 15864 | D:11     | XOM: cast spell 'Shadow Creatures'
 15887 | D:11     | Noticed a centaur warrior
 15887 | D:11     | Noticed a four-headed hydra
 15930 | D:11     | Identified the +3 spear of Lust {venom, Str+2 Int+3 Dex-3}
 15930 | D:11     | Noticed a centaur warrior
 15938 | D:11     | HP: 3/135 [four-headed hydra (11)]
 15940 | D:11     | Xom revived you
 15945 | D:11     | HP: 5/135 [poisoned by a centaur warrior]
 15945 | D:11     | Mangled by a nine-headed hydra

Illustrated notes

Levels and vault maps discovered:
D:1:      minmay_arrival_solitary_statue, layout_rooms
D:2:      layout_loops_ring
D:3:      layout_loops_ring, chequers_ecumenical_altar_grove, uniq_grinder
D:4:      minmay_angry_zag, layout_loops_corners, serial_glass, glass_columns_b,
          glass_columns_a
D:5:      kennysheep_six_static_rooms, layout_loops_cross,
          nemelex_diamond_rough_becter, uniq_ijyb, uniq_menkaure
D:6:      layout_basic, grunt_temple_overflow_growth_and_decay,
          minmay_temple_entry_nine_rooms, grunt_decor_resistance
D:7:      layout_basic, uniq_duvessa
D:8:      layout_basic, uniq_maggie
D:9:      layout_irregular_city, marbit_many_paths, due_lair_maze_entry_diamond,
          hangedman_decor_clover_reticule
D:10:     layout_loops_ring, enter_bailey_2
D:11:     minmay_the_grid_square_5x5_3x3 [minmay_the_grid_square_5x5_tie,
          minmay_the_grid_square_5x5_bracketed, minmay_the_grid_square_5x5_meh,
          minmay_the_grid_square_5x5_shrine1,
          minmay_the_grid_square_5x5_megaprize_checkered,
          minmay_the_grid_square_5x5_minibox,
          minmay_the_grid_square_5x5_checkered,
          minmay_the_grid_square_5x5_trominoes,
          minmay_the_grid_square_5x5_eight_small], layout_loops_ring,
          serial_shops, nicolae_shop_temple_entry_statues_fountains,
          nrook_campfire, st_stairs_5, lemuel_flamethrower_2

Skill      XL: |  1  2  3  4  5  6  7  8  9 10 11 12 |
---------------+-------------------------------------+-----
Fighting       | 4 5 6 10 11 | 11.1
Dodging        | 3 6 9 |  9.0
Long Blades    | 2 3 5 7 8 10 | 10.7
Evocations     | 1 2 3 5 6 |  6.0
Hexes          | 2 |  2.0
Necromancy     | 1 2 |  2.0
Spellcasting   | 1 3 4 |  4.0
Shields        | 1 2 |  2.3
Polearms       | |  3.0

Action                   |  1- 3 |  4- 6 |  7- 9 | 10-12 || total
-------------------------+-------+-------+-------+-------++-------
Melee: Whip              |    13 |    35 |       |       ||    48
       Constrict         |     5 |    24 |    28 |    61 ||   118
       Tentacles         |     2 |    12 |    23 |    44 ||    81
       Spear             |     1 |       |       |       ||     1
       Falchion          |       |    63 |   126 |   302 ||   491
Throw: Dart              |     3 |    27 |    12 |   115 ||   157
       Throwing net      |       |       |       |     1 ||     1
 Cast: Animate Skeleton  |       |       |       |     3 ||     3
Evoke: Wand              |       |       |    21 |    66 ||    87
  Use: Scroll            |       |       |    13 |    10 ||    23
       Potion            |       |       |       |     9 ||     9
 Stab: Sleeping          |     1 |     6 |     4 |     3 ||    14
       Paralysed         |       |       |     4 |     6 ||    10
       Distracted        |       |       |       |     1 ||     1
Armor: Skin              |     3 |     5 |     9 |    75 ||    92
Dodge: Dodged            |     8 |    48 |    73 |   229 ||   358
       Rpst.: Falchion   |       |    10 |    22 |    53 ||    85

Table legend: (Time is in decaauts)
 A = Elapsed time spent in this place.
 B = Non-inter-level travel time spent in this place.
 C = Inter-level travel time spent in this place.
 D = Time resting spent in this place.
 E = Time spent auto-exploring this place.
 F = Levels seen in this place.
 G = Mean time per level.
                   A        B        C        D        E       F      G
               +--------+--------+--------+--------+--------+-----+--------+
         Total |  15892 |  15291 |    601 |   3770 |   8847 |  12 | 1324.3 |
       Dungeon |  15169 |  14568 |    601 |   3720 |   8586 |  11 | 1379.0 |
        Bailey |    723 |    723 |      0 |     50 |    261 |   1 |  723.0 |
               +--------+--------+--------+--------+--------+-----+--------+

Top non-repeatable levels by time:
     D:6: 1966 daAuts
     D:7: 1809 daAuts
    D:10: 1661 daAuts
     D:5: 1551 daAuts
     D:9: 1510 daAuts
     D:8: 1454 daAuts
     D:3: 1448 daAuts
     D:4: 1315 daAuts
    D:11: 930 daAuts
     D:1: 783 daAuts
     D:2: 737 daAuts
  Bailey: 723 daAuts
